[ AOE2 MATCH · #484233344 ]
UnrankedGoths vs Bengalis
[ REPLAY ANALYSIS · EXTRACTED FROM THE RECORDED GAME ]
Feudal
—
Castle
—
Imperial
—
| APM avg | 46.1 |
| APM peak | 98 |
| eAPM avg | 17.6 |
| Villagers / military | 28 / 0 |
Focus
⚔️ 12.1% · 🌾 87.9%
Feudal
—
Castle
—
Imperial
—
| APM avg | 55.3 |
| APM peak | 92 |
| eAPM avg | 21.7 |
| Villagers / military | 36 / 0 |
Focus
⚔️ 36.0% · 🌾 64.0%
Feudal
—
Castle
—
Imperial
—
| APM avg | 42.1 |
| APM peak | 66 |
| eAPM avg | 12.7 |
| Villagers / military | 29 / 0 |
Focus
⚔️ 18.6% · 🌾 81.4%
Feudal
10:45
Castle
—
Imperial
—
| APM avg | 39.1 |
| APM peak | 73 |
| eAPM avg | 16.2 |
| Villagers / military | 22 / 6 |
Focus
⚔️ 23.2% · 🌾 76.8%
Militia ×6
Feudal
9:42
Castle
—
Imperial
—
| APM avg | 63.5 |
| APM peak | 93 |
| eAPM avg | 20.4 |
| Villagers / military | 24 / 0 |
Focus
⚔️ 17.0% · 🌾 83.0%
Feudal
—
Castle
—
Imperial
—
| APM avg | 42.4 |
| APM peak | 67 |
| eAPM avg | 11.1 |
| Villagers / military | 31 / 0 |
Focus
⚔️ 24.8% · 🌾 75.2%
Match map
Initial resources + every placement click. Lines = walls · curves = elevation contours. ◆ gold · ⬟ stone · ● berries · ✦ relic · ◌ wall gap
Your base
Karles's base
Puff the Magic Dragon's base
Ruenon's base
_Cypress_'s base
Truman's base
Smoothed initial terrain · ◌ = detected wall gap · hover for details
Inputs per minute
— TONY MONTANA - - Karles
Build order — TONY MONTANA
47 actions detected in the replay
| 0:01 | Queue | Villager (Male) |
| 0:01 | Queue | Villager (Male) |
| 0:01 | Queue | Villager (Male) |
| 0:02 | Queue | Villager (Male) |
| 0:02 | Queue | Villager (Male) |
| 0:05 | Build | House |
| 0:05 | Build | House |
| 1:37 | Queue | Villager (Male) |
| 1:37 | Queue | Villager (Male) |
| 2:08 | Queue | Villager (Male) |
| 2:08 | Queue | Villager (Male) |
| 2:32 | Queue | Villager (Male) |
| 2:33 | Queue | Villager (Male) |
| 2:46 | Build | Lumber Camp |
| 2:54 | Queue | Villager (Male) |
| 2:54 | Queue | Villager (Male) |
| 3:24 | Queue | Villager (Male) |
| 3:24 | Queue | Villager (Male) |
| 3:27 | Build | House |
| 3:28 | Build | House |
| 3:43 | Queue | Villager (Male) |
| 4:15 | Queue | Villager (Male) |
| 4:16 | Queue | Villager (Male) |
| 4:16 | Queue | Villager (Male) |
| 5:04 | Queue | Villager (Male) |
| 5:05 | Queue | Villager (Male) |
| 5:05 | Queue | Villager (Male) |
| 5:48 | Build | Mill |
| 6:11 | Queue | Villager (Male) |
| 6:30 | Build | House |
| 6:31 | Build | House |
| 6:37 | Queue | Villager (Male) |
| 7:00 | Queue | Villager (Male) |
| 7:19 | Build | Mill |
| 7:23 | Queue | Villager (Male) |
| 7:32 | Build | Palisade Wall |
| 7:50 | Build | Palisade Wall |
| 8:00 | Build | Palisade Wall |
| 8:02 | Queue | Villager (Male) |
| 8:24 | Build | Palisade Wall |
| 8:26 | Build | Palisade Wall |
| 8:36 | Queue | Villager (Male) |
| 8:39 | Research | Feudal Age |
| 8:41 | Research | Loom |
| 8:42 | Research | Feudal Age |
| 9:06 | Build | Palisade Wall |
| 9:31 | Build | Mining Camp |
Build order — Karles
55 actions detected in the replay
| 0:01 | Queue | Villager (Male) ×4 |
| 0:01 | Queue | Villager (Male) ×4 |
| 0:03 | Build | House |
| 0:04 | Build | House |
| 0:35 | Research | Loom |
| 1:22 | Queue | Villager (Male) |
| 1:44 | Queue | Villager (Male) |
| 2:03 | Queue | Villager (Male) |
| 2:47 | Queue | Villager (Male) |
| 2:47 | Queue | Villager (Male) |
| 2:48 | Queue | Villager (Male) |
| 2:49 | Queue | Villager (Male) |
| 3:06 | Queue | Villager (Male) |
| 3:15 | Build | House |
| 3:29 | Queue | Villager (Male) |
| 4:06 | Build | Lumber Camp |
| 4:07 | Queue | Villager (Male) |
| 4:08 | Queue | Villager (Male) |
| 4:08 | Queue | Villager (Male) |
| 4:27 | Build | Mill |
| 4:41 | Queue | Villager (Male) |
| 5:00 | Queue | Villager (Male) |
| 5:00 | Queue | Villager (Male) |
| 5:08 | Build | House |
| 5:11 | Build | House |
| 5:16 | Build | House |
| 5:20 | Build | Palisade Wall |
| 5:28 | Queue | Villager (Male) |
| 6:24 | Build | Mill |
| 6:39 | Queue | Villager (Male) |
| 6:40 | Queue | Villager (Male) |
| 6:54 | Build | House |
| 6:57 | Queue | Villager (Male) |
| 6:58 | Queue | Villager (Male) |
| 7:31 | Queue | Villager (Male) |
| 7:32 | Queue | Villager (Male) |
| 7:40 | Build | Mining Camp |
| 7:49 | Build | Palisade Wall |
| 7:56 | Build | Palisade Wall |
| 7:57 | Build | Palisade Wall |
| 8:01 | Queue | Villager (Male) |
| 8:08 | Queue | Villager (Male) |
| 8:14 | Build | Farm |
| 8:16 | Build | Farm |
| 8:26 | Build | Palisade Wall |
| 8:38 | Queue | Villager (Male) |
| 9:00 | Queue | Villager (Male) |
| 9:20 | Build | Farm |
| 9:36 | Research | Loom |
| 9:52 | Research | Feudal Age |
| 9:52 | Research | Feudal Age |
| 10:22 | Queue | Villager (Male) |
| 10:22 | Queue | Villager (Male) |
| 10:27 | Build | Farm |
| 10:27 | Build | Farm |
Build order — Puff the Magic Dragon
40 actions detected in the replay
| 0:02 | Queue | Villager (Male) |
| 0:02 | Queue | Villager (Male) |
| 0:02 | Queue | Villager (Male) |
| 0:03 | Queue | Villager (Male) |
| 0:04 | Build | House |
| 0:05 | Build | House |
| 1:29 | Queue | Villager (Male) |
| 1:51 | Build | Lumber Camp |
| 1:54 | Queue | Villager (Male) |
| 2:10 | Queue | Villager (Male) |
| 2:53 | Queue | Villager (Male) |
| 3:13 | Queue | Villager (Male) |
| 3:24 | Build | House |
| 3:24 | Build | House |
| 3:28 | Build | House |
| 3:59 | Queue | Villager (Male) |
| 3:59 | Queue | Villager (Male) |
| 3:59 | Queue | Villager (Male) |
| 4:30 | Queue | Villager (Male) |
| 4:39 | Queue | Villager (Male) |
| 5:16 | Queue | Villager (Male) |
| 5:16 | Queue | Villager (Male) |
| 5:19 | Build | Mill |
| 5:43 | Queue | Villager (Male) |
| 5:43 | Queue | Villager (Male) |
| 6:08 | Queue | Villager (Male) |
| 6:16 | Build | Palisade Wall |
| 6:38 | Queue | Villager (Male) |
| 7:07 | Queue | Villager (Male) |
| 7:31 | Queue | Villager (Male) |
| 7:52 | Queue | Villager (Male) |
| 8:07 | Queue | Villager (Male) |
| 8:11 | Build | Mining Camp |
| 8:12 | Queue | Villager (Male) |
| 8:13 | Queue | Villager (Male) |
| 8:13 | Queue | Villager (Male) |
| 8:56 | Build | Mill |
| 9:07 | Research | Feudal Age |
| 10:12 | Queue | Villager (Male) |
| 10:12 | Queue | Villager (Male) |
Build order — Ruenon
38 actions detected in the replay
| 0:00 | Queue | Villager (Male) ×4 |
| 0:02 | Build | House |
| 0:03 | Build | House |
| 1:31 | Queue | Villager (Male) |
| 1:32 | Queue | Villager (Male) |
| 2:06 | Build | Mule Cart |
| 2:07 | Queue | Villager (Male) |
| 2:08 | Queue | Villager (Male) |
| 2:20 | Queue | Villager (Male) |
| 2:37 | Build | House |
| 2:52 | Build | House |
| 2:58 | Queue | Villager (Male) |
| 3:30 | Queue | Villager (Male) |
| 3:32 | Queue | Villager (Male) |
| 4:22 | Queue | Villager (Male) |
| 4:22 | Queue | Villager (Male) |
| 5:11 | Queue | Villager (Male) |
| 5:27 | Build | Barracks |
| 5:30 | Queue | Villager (Male) |
| 6:06 | Queue | Villager (Male) |
| 6:22 | Build | Mule Cart |
| 6:29 | Queue | Militia |
| 6:29 | Queue | Militia |
| 6:29 | Queue | Militia |
| 6:35 | Queue | Villager (Male) |
| 6:57 | Queue | Villager (Male) |
| 7:21 | Build | Mill |
| 7:28 | Research | Loom |
| 7:31 | Queue | Militia |
| 8:07 | Queue | Villager (Male) |
| 8:35 | Research | Feudal Age |
| 9:00 | Build | Mule Cart |
| 9:34 | Queue | Villager (Male) |
| 9:59 | Queue | Militia |
| 10:05 | Build | House |
| 10:15 | Queue | Villager (Male) |
| 10:38 | Queue | Militia |
| 10:45 | Age | Feudal Age |
Build order — _Cypress_
37 actions detected in the replay
| 0:01 | Queue | Villager (Male) |
| 0:01 | Queue | Villager (Male) |
| 0:01 | Queue | Villager (Male) |
| 0:01 | Queue | Villager (Male) |
| 0:03 | Build | House |
| 0:07 | Build | House |
| 1:24 | Queue | Villager (Male) |
| 1:24 | Queue | Villager (Male) |
| 1:53 | Build | Settlement |
| 2:03 | Queue | Villager (Male) |
| 2:04 | Queue | Villager (Male) |
| 2:19 | Queue | Villager (Male) |
| 2:19 | Queue | Villager (Male) |
| 2:54 | Queue | Villager (Male) |
| 2:54 | Queue | Villager (Male) |
| 3:08 | Queue | Villager (Male) |
| 3:08 | Queue | Villager (Male) |
| 3:31 | Build | House |
| 3:32 | Build | House |
| 3:38 | Queue | Villager (Male) |
| 3:39 | Queue | Villager (Male) |
| 4:02 | Queue | Villager (Male) |
| 4:24 | Queue | Villager (Male) |
| 4:54 | Queue | Villager (Male) |
| 5:12 | Queue | Villager (Male) |
| 5:14 | Queue | Villager (Male) |
| 5:38 | Build | Settlement |
| 5:41 | Queue | Villager (Male) |
| 6:19 | Queue | Villager (Male) |
| 6:36 | Research | Loom |
| 6:36 | Research | Loom |
| 7:32 | Research | Feudal Age |
| 7:32 | Research | Feudal Age |
| 9:42 | Age | Feudal Age |
| 9:46 | Queue | Villager (Male) |
| 9:51 | Build | Market |
| 9:58 | Build | Blacksmith |
Build order — Truman
41 actions detected in the replay
| 0:02 | Queue | Villager (Male) |
| 0:02 | Queue | Villager (Male) |
| 0:04 | Build | House |
| 0:06 | Build | House |
| 0:24 | Queue | Villager (Male) |
| 0:24 | Queue | Villager (Male) |
| 1:05 | Queue | Villager (Male) |
| 1:05 | Queue | Villager (Male) |
| 1:38 | Queue | Villager (Male) |
| 1:38 | Queue | Villager (Male) |
| 2:02 | Queue | Villager (Male) |
| 2:24 | Queue | Villager (Male) |
| 2:24 | Queue | Villager (Male) |
| 2:36 | Build | Settlement |
| 3:02 | Queue | Villager (Male) |
| 3:02 | Queue | Villager (Male) |
| 4:15 | Queue | Villager (Male) |
| 4:15 | Queue | Villager (Male) |
| 4:29 | Queue | Villager (Male) |
| 4:29 | Queue | Villager (Male) |
| 4:29 | Queue | Villager (Male) |
| 5:01 | Build | Settlement |
| 5:05 | Queue | Villager (Male) |
| 5:25 | Queue | Villager (Male) |
| 5:25 | Queue | Villager (Male) |
| 5:25 | Queue | Villager (Male) |
| 5:41 | Queue | Villager (Male) |
| 5:49 | Queue | Villager (Male) |
| 5:49 | Queue | Villager (Male) |
| 6:10 | Queue | Villager (Male) |
| 6:10 | Queue | Villager (Male) |
| 6:32 | Build | Settlement |
| 6:38 | Build | Settlement |
| 6:40 | Queue | Villager (Male) |
| 6:59 | Queue | Villager (Male) |
| 7:44 | Research | Loom |
| 7:45 | Research | Loom |
| 8:54 | Research | Feudal Age |
| 8:55 | Research | Feudal Age |
| 10:58 | Queue | Villager (Male) |
| 10:58 | Queue | Villager (Male) |
Match timeline
| 5:20 | Karles · wall_segment Palisade Wall x6 |
| 5:27 | Ruenon · first_building Barracks |
| 6:16 | Puff the Magic Dragon · wall_segment Palisade Wall x1 |
| 7:32 | TONY MONTANA · wall_segment Palisade Wall x8 |
| 7:49 | Karles · wall_segment Palisade Wall x9 |
| 7:50 | TONY MONTANA · wall_segment Palisade Wall x11 |
| 7:56 | Karles · wall_segment Palisade Wall x1 |
| 7:57 | Karles · wall_segment Palisade Wall x1 |
| 8:00 | TONY MONTANA · wall_segment Palisade Wall x1 |
| 8:24 | TONY MONTANA · wall_segment Palisade Wall x9 |
| 8:26 | Karles · wall_segment Palisade Wall x1 |
| 8:26 | TONY MONTANA · wall_segment Palisade Wall x18 |
| 9:06 | TONY MONTANA · wall_segment Palisade Wall x6 |
| 9:42 | _Cypress_ · age_up feudal |
| 10:25 | TONY MONTANA · resign |
| 10:45 | Ruenon · age_up feudal |
[ AI ANALYSIS · 1 CREDIT ]
What really happened in this match?
Wolo.gg analyzes every decision: build order, eco, micro, common mistakes by bracket. Personalized analysis on WhatsApp or Discord in 30 seconds.
Civ guide
Goths
Perfil
Jugador #23872830